 Dungeon Crawl Stone Soup version 0.17-a0-1186-gbffdd7f (webtiles) character file.

746 Sommunist the Ducker (level 7, -3/64 HPs)
             Began as a Minotaur Monk on June 1, 2015.
             Slain by Duvessa
             ... wielding a +0 short sword
              (5 damage)
             ... on level 5 of the Dungeon.
             The game lasted 00:18:27 (3583 turns).

Sommunist the Ducker (Minotaur Monk)                Turns: 3583, Time: 00:18:27

Health: -3/64      AC:  7    Str: 15    XL:     7   Next: 48%
Magic:  6/6        EV: 13    Int:  7    God:
Gold:   243        SH: 10    Dex: 15    Spells: 0 memorised, 6 levels left

rFire  . . .     SeeInvis +       - Unarmed
rCold  + . .     Clarity  .     p - +2 robe {rN+}
rNeg   + . .     SustAt   .     l - +2 shield
rPois  .         Gourm    .     (helmet restricted)
rElec  .         Spirit   .     (no cloak)
rCorr  .         Warding  .     o - +0 pair of gloves
rMut   .         Stasis   .     a - +1 pair of boots
MR     .....                    (no amulet)
Stlth  ++........               t - ring of protection from cold
                                e - ring of see invisible

@: not resistant to hostile enchantments, unstealthy
A: retaliatory headbutt, horns 2
a: no special abilities


You were on level 5 of the Dungeon.
You were not hungry.

You visited 1 branch of the dungeon, and saw 5 of its levels.

You collected 243 gold pieces.

Inventory:

Armour
 a - a +1 pair of boots (worn)
 j - a +0 robe
 l - a +2 shield (worn)
 o - a +0 pair of gloves (worn)
 p - a +2 robe of positive energy (worn)
Jewellery
 e - a ring of see invisible (left hand)
 g - an uncursed ring of wizardry
 t - a ring of protection from cold (right hand)
Magical devices
 c - a wand of random effects (13)
 r - a wand of flame (8)
Scrolls
 d - a scroll of magic mapping
 h - 2 scrolls of teleportation
 q - a scroll of enchant weapon
 s - a scroll of identify
Potions
 f - a potion of invisibility
 k - a potion of cancellation
 w - a potion of haste
Comestibles
 b - 4 bread rations
 i - a meat ration
 m - 2 beef jerkies
 n - 6 chunks of flesh
 u - 8 fruits


   Skills:
 * Level 6.3 Fighting
 * Level 6.9 Dodging
 - Level 1.5 Stealth
 + Level 1.3 Shields
 - Level 6.3 Unarmed Combat


You had 6 spell levels left.
You didn't know any spells.

Dungeon Overview and Level Annotations

Branches:
Dungeon (5/15)
 Temple: D:4-7

Altars:
Ru

Annotations:
D:5 Duvessa


Innate Abilities, Weirdness & Mutations

You reflexively headbutt those who attack you in melee.
You have a pair of horns on your head.


Message History

Duvessa is lightly wounded.
Duvessa barely misses you. Duvessa hits you with a short sword!
* * * LOW HITPOINT WARNING * * *
You closely miss Duvessa.
Duvessa is lightly wounded.
You block Duvessa's attack.
You barely miss Duvessa.
Duvessa is lightly wounded.
Duvessa hits you with a short sword!
* * * LOW HITPOINT WARNING * * *
Duvessa barely misses you.
You hit Duvessa.
Duvessa is lightly wounded.
Duvessa hits you with a short sword!
* * * LOW HITPOINT WARNING * * *
Duvessa barely misses you.
You closely miss Duvessa.
Duvessa is lightly wounded.
Duvessa hits you with a short sword.
You die...

#####....####.#.#
)))........##.#.#
########.#.##.#.# #
...#....#.##.####
...................
.......#....#.######
##..##.#.##.#.# #..
.......#)###### ..
..........@eb..+
######.########.######
..... ...# ..... #####
######## #......#
#......# #......#
#......#


You could see Duvessa (berserk) and a bat.

Vanquished Creatures
  The ghost of Sommunist the Ruffian, an average MiMo (D:3)
  Blork the orc (D:5)
  Dowan (D:5)
  A crimson imp (D:5)
  A hound (D:5)
  A giant frog skeleton (D:5)
  A gnoll shaman (D:5)
  2 orc priests (D:3)
  Ijyb (D:3)
  A centaur skeleton (D:4)
  2 worker ants (D:5)
  Terence (D:2)
  A worker ant zombie (D:5)
  6 gnolls (D:5)
  3 adders
  An ooze (D:5)
  3 worms (D:4)
  2 giant geckos (D:1)
  11 orcs
  4 giant cockroaches
  7 goblins
  17 hobgoblins
  12 jackals
  2 quokkas
  2 ball pythons
  10 bats
  3 giant newts
  A jackal skeleton (D:4)
  10 kobolds
  8 rats
117 creatures vanquished.

Notes
Turn   | Place    | Note
--------------------------------------------------------------
     0 | D:1      | Sommunist the Minotaur Monk began the quest for the Orb.
     0 | D:1      | Reached XP level 1. HP: 19/19 MP: 0/0
   123 | D:1      | Reached XP level 2. HP: 17/27 MP: 1/1
   463 | D:1      | Reached skill level 5 in Unarmed Combat
   488 | D:1      | Reached XP level 3. HP: 29/33 MP: 2/2
   942 | D:2      | Noticed Terence
   950 | D:2      | Killed Terence
  1058 | D:2      | Reached XP level 4. HP: 32/40 MP: 3/3
  1887 | D:3      | Noticed Ijyb
  1905 | D:3      | Killed Ijyb
  2182 | D:3      | Reached XP level 5. HP: 36/47 MP: 4/4
  2331 | D:3      | Noticed Sommunist's ghost (average MiMo)
  2354 | D:3      | Killed Sommunist's ghost
  2354 | D:3      | Reached skill level 5 in Dodging
  2354 | D:3      | Reached skill level 6 in Unarmed Combat
  2594 | D:3      | Reached XP level 6. HP: 33/55 MP: 5/5
  2700 | D:4      | Reached skill level 5 in Fighting
  3141 | D:5      | Entered Level 5 of the Dungeon
  3238 | D:5      | Noticed Blork the orc
  3269 | D:5      | Killed Blork the orc
  3269 | D:5      | Reached XP level 7. HP: 19/62 MP: 6/6
  3323 | D:5      | Found a sacrificial altar of Ru.
  3504 | D:5      | Reached skill level 1 in Shields
  3558 | D:5      | Noticed Dowan
  3574 | D:5      | Killed Dowan
  3575 | D:5      | Noticed Duvessa
  3582 | D:5      | HP: 2/64 [Duvessa/short sword (7)]
  3583 | D:5      | Slain by Duvessa

Vault maps used:
D:1:      co_arrival_random_square_maze
D:2:      uniq_terence
D:3:      first_bread, uniq_iyjb
D:5:      kennysheep_mini, yredelemnul_altar_generic, xom_teletrap_fun,
          uniq_duvessa, uniq_blork_the_orc

Action                   |  1- 3 |  4- 6 |  7- 9 || total
-------------------------+-------+-------+-------++-------
Melee: Unarmed           |    95 |   191 |    74 ||   360
  Use: Scroll            |     5 |     5 |       ||    10
       Potion            |     2 |     8 |     1 ||    11
 Stab: Sleeping          |     3 |     3 |     1 ||     7
       Distracted        |       |     2 |       ||     2
  Eat: Chunk             |     1 |     7 |     2 ||    10
